Map: [ESL] Gresvan

Players

Clem

  • Race: Terran Terran
  • Spawn Location: 5:00

Cure - Winner!

  • Race: Terran Terran
  • Spawn Location: 11:00

Event: IEM Katowice 2023

VOD

Have the link to the VOD?

Description

Time

  • Played on: Feb. 11, 2023, 5:14 a.m.
  • Length: 9:26

All games in this series

Show
View Real Time Build Order
Export as new Build Order

Clem Terran 

Build Orders: Cyclone Opening 

Get SALT Encoding   

  12  0:00  SCV  
  13  0:12  SCV  
  14  0:17  Supply Depot  
  14  0:24  SCV  
  15  0:38  SCV  
  15  0:39  Barracks  
  16  0:44  Refinery  
  16  0:50  SCV  
  16  0:52  Refinery  
  17  1:03  SCV  
  18  1:15  SCV  
  19  1:26  Reaper  
  19  1:27  Orbital Command  
  19  1:30  Supply Depot  
  20  1:42  Factory  
  20  1:52  SCV  
  21  2:00  Reaper  
  22  2:04  SCV  
  23  2:20  Command Center  
  23  2:21  SCV  
  24  2:25  Factory Tech Lab  
  24  2:30  Supply Depot  
  24  2:33  SCV  
  25  2:43  Cyclone  
  28  2:45  SCV  
  28  2:49  Barracks Reactor  
  29  2:57  SCV  
  30  3:09  SCV  
  31  3:15  Cyclone  
  34  3:21  SCV  
  34  3:26  Marine x2  
  37  3:28  Starport  
  37  3:31  Orbital Command  
  37  3:33  SCV  
  38  3:43  Marine  
  38  3:44  Marine  
  38  3:45  SCV  
  41  3:49  Orbital Command, Refinery  
  41  3:55  Siege Tank  
  44  3:58  SCV  
  44  3:59  Supply Depot  
  44  4:01  Marine x2  
  47  4:07  Medivac  
  49  4:10  SCV  
  49  4:16  SCV  
  47  4:19  Marine x2  
  47  4:22  SCV  
  46  4:28  SCV  
  44  4:34  SCV  
  44  4:37  Marine x2  
  45  4:40  SCV  
  46  4:46  SCV  
  46  4:48  Factory Tech Lab  
  46  4:51  Raven  
  49  4:53  SCV  
  49  4:55  Marine x2  
  49  4:59  SCV  
  53  5:07  Command Center, SCV  
  53  5:11  Siege Tank  
  53  5:13  Marine x2, SCV  
  60  5:18  Supply Depot  
  60  5:19  SCV  
  61  5:25  SCV  
  61  5:29  Raven  
  61  5:30  Marine  
  61  5:32  Marine, SCV  
  56  5:38  SCV  
  53  5:44  SCV  
  53  5:48  Marine  
  50  5:50  Marine, SCV  
  50  5:56  SCV  
  50  6:02  SCV  
  50  6:04  Siege Tank  
  54  6:08  SCV  
  57  6:14  SCV  
  57  6:18  Medivac x2  
  60  6:19  Orbital Command  
  60  6:20  SCV  
  60  6:25  Marine  
  62  6:26  SCV  
  62  6:32  SCV  
  64  6:36  Siege Tank  
  64  6:38  SCV  
  68  6:41  Orbital Command, Barracks  
  68  6:42  Barracks  
  68  6:43  Marine  
  68  6:46  SCV  
  70  6:50  SCV  
  70  6:54  Viking  
  73  6:56  Stimpack  
  73  6:58  SCV  
  73  7:00  Marine  
  75  7:02  SCV  
  75  7:03  Viking  
  75  7:05  Refinery  
  75  7:07  Supply Depot  
  78  7:09  SCV  
  78  7:10  SCV  
  80  7:16  SCV  
  80  7:18  Siege Tank, Marine  
  85  7:27  Supply Depot  
  85  7:29  SCV x2  
  87  7:30  Viking  
  87  7:31  Marine x2  
  87  7:34  SCV  
  92  7:37  Marine  
  92  7:41  SCV x2  
  87  7:46  SCV  
  87  7:49  Marine x2  
  82  7:52  Siege Tank  
  82  7:55  Marine  
  82  7:56  SCV  
  82  7:57  Barracks x2  
  80  7:59  SCV  
  80  8:05  Viking  
  82  8:09  Viking  
  82  8:10  SCV  
  82  8:11  SCV  
  83  8:13  SCV  
  83  8:15  Marine, Barracks Reactor x2  
  83  8:22  SCV, Supply Depot  
  83  8:23  SCV  
  83  8:24  Siege Tank  
  83  8:25  SCV  
  89  8:28  Supply Depot  
  89  8:34  SCV  
  89  8:35  SCV  
  89  8:36  Marine  
  89  8:37  SCV, Supply Depot  
  89  8:41  Viking x2  
  95  8:47  SCV  
  95  8:48  SCV, Barracks Reactor x2  
  99  8:50  SCV  
  99  8:51  Marine  
  99  8:52  Marine  
  99  8:53  Marine  
  99  8:54  Marine  
  99  8:55  Marine  
  105  8:58  Refinery  
  105  8:59  Refinery  
  87  9:13  SCV x2  
  87  9:14  SCV  
Show
View Real Time Build Order
Export as new Build Order

Cure Terran - Winner!

Build Orders:  

Get SALT Encoding   

  12  0:00  SCV  
  13  0:12  SCV  
  14  0:17  Supply Depot  
  14  0:24  SCV  
  15  0:39  SCV  
  15  0:41  Barracks  
  16  0:42  Refinery  
  16  0:51  SCV  
  16  0:52  Refinery  
  17  1:03  SCV  
  18  1:15  SCV  
  19  1:28  Orbital Command, Barracks Reactor  
  19  1:34  Supply Depot  
  19  1:42  Factory  
  19  1:55  SCV  
  20  2:04  Reaper x2  
  20  2:07  SCV  
  23  2:19  SCV  
  24  2:25  Hellion  
  26  2:36  Reaper x2  
  28  2:37  Command Center  
  28  2:41  Supply Depot  
  28  2:43  SCV  
  29  2:50  Hellion  
  31  3:03  SCV, Starport  
  32  3:08  Reaper x2  
  34  3:13  Hellion  
  34  3:15  SCV  
  37  3:27  SCV  
  38  3:37  Refinery  
  38  3:38  Factory Tech Lab  
  38  3:40  Starport Tech Lab, SCV  
  39  3:49  Marine x2, Orbital Command  
  39  3:52  SCV  
  42  3:57  Cyclone  
  42  3:58  Raven  
  47  4:04  SCV  
  47  4:08  Supply Depot  
  48  4:10  Marine x2  
  48  4:16  SCV x2  
  48  4:28  SCV  
  48  4:29  SCV  
  49  4:32  Siege Tank  
  49  4:34  Marine x2  
  53  4:39  Raven  
  53  4:40  SCV  
  53  4:41  SCV  
  57  4:49  Supply Depot  
  57  4:52  Marine x2, SCV  
  60  4:53  SCV  
  61  5:01  Supply Depot  
  61  5:04  SCV  
  62  5:11  Siege Tank, SCV  
  62  5:13  Marine x2  
  68  5:14  Raven  
  68  5:20  Supply Depot  
  68  5:21  Supply Depot  
  70  5:29  SCV x2  
  70  5:42  Marine x2, SCV x2  
  70  5:54  Siege Tank, SCV x2  
  70  5:57  Command Center  
  67  6:06  SCV x2  
  67  6:14  Viking  
  67  6:15  Viking  
  67  6:17  Marine  
  72  6:20  Stimpack, Barracks  
  72  6:21  Barracks  
  72  6:27  Siege Tank  
  72  6:28  Supply Depot  
  72  6:29  SCV x2  
  77  6:33  Refinery  
  77  6:38  Marine, Supply Depot  
  77  6:39  Supply Depot  
  78  6:42  SCV x2  
  80  6:47  Viking x2  
  80  6:53  Engineering Bay  
  84  6:55  Engineering Bay  
  84  6:59  Siege Tank, SCV x2  
  84  7:01  Marine  
  90  7:10  Barracks Reactor x2  
  90  7:12  SCV x2  
  92  7:20  Viking x2  
  92  7:22  Barracks  
  96  7:24  Barracks  
  96  7:27  Marine  
  95  7:31  Siege Tank  
  95  7:32  Supply Depot  
  86  7:40  SCV x3  
  89  7:48  Marine x4  
  89  7:49  Marine  
  92  7:53  SCV x2  
  92  7:54  Orbital Command  
  92  8:03  Siege Tank  
  89  8:07  SCV  
  89  8:08  SCV  
  89  8:09  Marine x4  
  89  8:10  Marine  
  96  8:20  SCV x2  
  96  8:24  SCV  
  98  8:32  SCV x2  
  100  8:39  SCV  
  100  8:40  Barracks Reactor x2  
  101  8:41  Marine x5  
  101  8:44  SCV x2  
  101  8:46  Refinery x2  
  108  8:51  SCV  
  108  8:52  Siege Tank  
  108  8:55  Supply Depot  
  112  8:56  SCV x2  
  114  9:03  SCV  
  114  9:08  SCV x2  

Tags
 
Add a new tag
Caveats
  • Supply blocks, unpowered buildings, or Contaminate may cause inaccurate times.
  • Supply counts are checked every 10 seconds.